AoeStats
← Bandolero

Arabia

508531282Analyzed
1v1 RM · 8d ago on Sep 22, 2026· 54m 18s· 2 players
Game mode
Random Map
Map size
Tiny (2 player)
Population
200
Speed
Normal
Resources
Standard
Victory
Conquest
Starting age
Dark Age
Ending age
Imperial Age
RankedLock teamsTeams togetherTeam positionsShared explorationLock speedFull tech treeHidden civsTurbo modeCheats
Victory
Defeat
🇦🇷 Maya · Argentina
1318
+13
🇵🇪 Mongols · Peru
1248
-13
Bandolero
0:26 Loom
9:20 Feudal Age
10:02 Double-Bit Axe
17:20 Fletching
18:26 Padded Archer Armor
22:07 Castle Age
21:08 Gold Mining
22:08 Crossbowman
23:14 Bodkin Arrow
29:21 Wheelbarrow
28:31 Town Watch
30:19 Leather Archer Armor
31:09 Bow Saw
32:23 Ballistics
32:31 Thumb Ring
34:41 Stone Mining
39:32 Imperial Age
38:37 Scale Mail Armor
38:47 Forging
40:28 Hand Cart
39:45 Arbalester
41:54 Chemistry
41:02 Bracer
44:06 Conscription
46:15 Two-Man Saw
46:47 Ring Archer Armor
46:33 Chain Mail Armor
47:45 Eagle Warrior
49:03 Iron Casting
48:47 Squires
48:37 Elite Eagle Warrior
50:07 Plate Mail Armor
50:24 Fervor
50:35 Sanctity
51:11 Holcans
52:41 Blast Furnace
52:50 Arson
54:26 Stone Shaft Mining
TRITON
5:41 Loom
8:16 Feudal Age
8:56 Double-Bit Axe
15:03 Fletching
21:25 Castle Age
20:17 Padded Archer Armor
20:50 Bloodlines
20:49 Horse Collar
22:12 Husbandry
23:08 Leather Archer Armor
22:54 Town Watch
26:48 Ballistics
42:28 Elite Skirmisher
43:55 Bodkin Arrow
49:21 Imperial Age
50:20 Scale Barding Armor
50:26 Forging
Connection lost

Rejoining the realm…

Still unreachable

The connection could not be restored.

Session expired

The server has moved on; the page needs a fresh start.